 Dungeon Crawl Stone Soup version 0.29-a0-719-g0fec994a2d (webtiles) character file.

Game seed: 8827687215798005211

6162 Bnni the Cleaver (level 10, 0/83 HPs)
             Began as a Demonspawn Gladiator on June 27, 2022.
             Was a Priest of Okawaru.
             Slain by a hornet (6 damage)
             ... while paralysed by a hornet
             ... on level 9 of the Dungeon.
             The game lasted 00:22:56 (12140 turns).

Bnni the Cleaver (Demonspawn Gladiator)            Turns: 12140, Time: 00:22:57

Health: 0/83       AC: 16    Str: 19    XL:     10   Next: 60%
Magic:  19/19      EV:  2    Int: 10    God:    Okawaru [***...]
Gold:   438        SH:  0    Dex: 14    Spells: 9/9 levels left

rFire   + . .      SeeInvis .   a - +0 war axe
rCold   . . .      Faith    .   (no shield)
rNeg    . . .      Spirit   .   K - +0 scale mail
rPois   .          Reflect  .   z - +1 helmet
rElec   .          Harm     .   j - scarf {repulsion}
rCorr   .          Rampage  .   E - +2 pair of gloves
Will    .....                   b - +0 pair of boots
Stlth   ..........              F - amulet of the acrobat
HPRegen 0.23/turn               D - ring of magical power
MPRegen 0.16/turn               J - ring of flight

@: confused, paralysed, lethally poisoned (0 -> -5), ambrosia-drunk, flying,
slowed, repel missiles
A: claws 1, molten scales 3, powered by pain 1
a: Renounce Religion, Heroism


You were on level 9 of the Dungeon.
You worshipped Okawaru.
Okawaru was most pleased with you.
You visited 2 branches of the dungeon, and saw 10 of its levels.
You also visited: Ossuary.

You collected 438 gold pieces.

Inventory:

Hand Weapons
 a - a +0 war axe (weapon)
 o - a +1 whip of electrocution
 x - a +3 vampiric whip
Missiles
 e - 6 javelins (quivered)
Armour
 b - a +0 pair of boots (worn)
 j - a scarf of repulsion (worn)
 n - a +0 kite shield
 z - a +1 helmet (worn)
 E - a +2 pair of gloves (worn)
 K - a +0 scale mail (worn)
Jewellery
 D - a ring of magical power (left hand)
 F - an amulet of the acrobat (around neck)
 J - a ring of flight (right hand)
Wands
 d - a wand of iceblast (6)
 B - a wand of mindburst (12)
 C - a wand of digging (6)
 H - a wand of flame (9)
Scrolls
 f - a scroll of fear {unknown}
 g - 2 scrolls of summoning {unknown}
 l - 4 scrolls of amnesia
 m - a scroll of acquirement {unknown}
 p - 5 scrolls of teleportation
 q - 2 scrolls of enchant armour {unknown}
 s - a scroll of vulnerability {unknown}
 v - 2 scrolls of fog {unknown}
 y - a scroll of blinking {unknown}
 A - a scroll of magic mapping {unknown}
 G - a scroll of enchant weapon {unknown}
Potions
 c - 2 potions of cancellation
 h - 2 potions of might {unknown}
 i - a potion of curing
 k - a potion of mutation
 r - 2 potions of haste
 u - 3 potions of attraction {unknown}
 w - 4 potions of lignification {unknown}
 I - 2 potions of berserk rage {unknown}


   Skills:
 + Level 9.6 Fighting
 * Level 12.3 Axes
 - Level 1.7 Throwing
 - Level 2.6 Dodging


You had 9 spell levels left.
You didn't know any spells.
Your spell library contained the following spells:

 Spells                   Type           Power      Damage    Failure   Level
 Apportation              Tloc           0%         N/A       77%         1
 Freeze                   Ice            0%         1d3       77%         1
 Necrotize                Necr           0%         1d4       77%         1
 Frozen Ramparts          Ice            0%         1d2       98%         3
 Hailstorm                Conj/Ice       0%         3d3       100%        4
 Ice Form                 Ice/Tmut       0%         N/A       100%        4
 Olgreb's Toxic Radiance  Pois           0%         N/A       100%        4
 Ozocubu's Refrigeration  Ice            0%         4d5       100%        7
 Ignition                 Fire           0%         3d3       100%        8
 Summon Small Mammal      Summ           Unusable   N/A       N/A         1
 Simulacrum               Ice/Necr       Unusable   N/A       N/A         6

Dungeon Overview and Level Annotations

Branches:
Dungeon (9/15)             Temple (1/1) D:7         Ossuary (visited)
   Lair: D:8-11         Orc: D:9-12

Altars:
Ashenzari
Cheibriados
Gozag
Hepliaklqana
Kikubaaqudgha
Makhleb
Nemelex Xobeh
Okawaru
Qazlal
Ru
Sif Muna
Vehumet
Wu Jian
Zin
The Shining One

Annotations:
D:5 1 runed translucent door


Innate Abilities, Weirdness & Mutations

You have sharp fingernails.
You are completely covered in molten scales. (AC +4, rF+)
You sometimes gain a little power by taking damage.


Message History

* * * LOW HITPOINT WARNING * * *
You feel as though you will be slow longer.
The hornet stings you but does no damage.
Okay, then.
Okay, then.
Your +1 whip of electrocution stops crackling.
a - a +0 war axe (weapon)
You feel sick. The hornet stings you!
* * * LOW HITPOINT WARNING * * *
You are more poisoned.
You feel as though you will be slow longer.
You feel better. The hornet stings you.
* * * LOW HITPOINT WARNING * * *
You are lethally poisoned!
You feel as though you will be slow longer.
The hornet stings you.
* * * LOW HITPOINT WARNING * * *
You feel as though you will be slow longer.
You feel better. The hornet closely misses you. The hornet barely misses you.
You are confused.
You feel invigorated.
The hornet stings you but does no damage. x2
You bump into the stone wall.
The hornet stings you.
* * * LOW HITPOINT WARNING * * *
You feel as though you will be slow longer.
The hornet stings you but does no damage.
The hornet stings you!
* * * LOW HITPOINT WARNING * * *
You are poisoned.
You feel as though you will be slow longer.
You bump into the stone wall.
You feel very sick. The hornet stings you.
* * * LOW HITPOINT WARNING * * *
You suddenly lose the ability to move!
The hornet stings you!
* * * LOW HITPOINT WARNING * * *
You feel as though you will be slow longer.
* * * LOW HITPOINT WARNING * * *
You feel sick. The hornet stings you.
You die...

#............###'###....
#...........##..#..##...
#..........##..#.#..##
#.........##..#####..##
#.........#..###?###..#
#.........#.###.8.###.#
######'##.+# #$888/#.#+
..........#.###y8.###.#
..........#..#.#@###..#
.##.......##.)#####..##
...........##..#.#..##
#######+##..##..#..##
...###'### .##..##.##
##..##...##
##..##..#..##
#..##.......#


You could see a hornet.

Vanquished Creatures
  2 centaur warriors (D:9)
  Pikel (D:5)
  Sigmund (D:4)
  The ghost of GordonOverkill the Vexing, an amateur DEAM (D:5)
  2 wyverns
  A steam dragon (D:8)
  Duvessa (D:7)
  A water moccasin (D:7)
  4 orc warriors
  An ice beast (D:6)
  A black bear (D:6)
  4 centaurs
  A lemure (D:5)
  3 elf zombies
  4 scorpions
  3 bullfrogs
  2 necrophages (D:7)
  An elf skeleton (D:6)
  2 gnoll sergeants
  6 wights
  Dowan (D:7)
  2 centaur zombies (Ossuary)
  4 human zombies
  9 orc priests
  6 hounds
  A gnoll shaman (D:7)
  3 iguanas (D:5)
  Ijyb (D:5)
  11 orc wizards
  2 mummies (Ossuary)
  14 gnolls
  9 adders
  A shadow imp (D:6)
  2 white imps
  2 adder zombies (Ossuary)
  2 worms (D:5)
  2 dart slugs
  28 orcs
  11 endoplasms
  2 giant cockroaches
  10 goblins
  2 hobgoblins
  2 jackals (D:5)
  3 quokkas
  4 ball pythons
  4 bats
  5 frilled lizards
  A goblin zombie (Ossuary)
  5 hobgoblin zombies (Ossuary)
  4 kobolds
  14 kobold zombies (Ossuary)
  An orc skeleton (D:6)
  7 orc zombies (Ossuary)
  6 rats
  2 rat zombies (Ossuary)
  A spectral orc (D:5)
226 creatures vanquished.

Vanquished Creatures (others)
  12 fungi (D:6)
12 creatures vanquished.

Grand Total: 238 creatures vanquished

Notes
Turn   | Place    | Note
-------+----------+-------------------------------------------
     0 | D:1      | Bnni the Demonspawn Gladiator began the quest for the Orb.
     0 | D:1      | Reached XP level 1. HP: 16/16 MP: 1/1
   265 | D:1      | Reached skill level 3 in Axes
   361 | D:1      | Gained mutation: You are partially covered in molten
                  | scales. (AC +2) [demonic ancestry]
   361 | D:1      | Reached XP level 2. HP: 22/22 MP: 2/2
   428 | D:1      | Found a faded altar of an unknown god.
   732 | D:2      | Found a broken altar of Ashenzari.
   789 | D:2      | Reached XP level 3. HP: 10/28 MP: 3/3
  1755 | D:3      | Reached skill level 4 in Axes
  1755 | D:3      | Gained mutation: You sometimes gain a little power by
                  | taking damage. [demonic ancestry]
  1755 | D:3      | Reached XP level 4. HP: 32/34 MP: 4/4
  2170 | D:3      | Gained mutation: You have sharp fingernails. [demonic
                  | ancestry]
  2170 | D:3      | Reached XP level 5. HP: 32/41 MP: 5/5
  3305 | D:4      | Noticed Sigmund
  3336 | D:4      | Killed Sigmund
  3337 | D:4      | Reached skill level 5 in Axes
  3337 | D:4      | Gained mutation: You are mostly covered in molten scales.
                  | (AC +3) [demonic ancestry]
  3337 | D:4      | Reached XP level 6. HP: 14/48 MP: 6/6
  3569 | D:4      | Found a sparkling altar of Nemelex Xobeh.
  3614 | D:4      | Found a broken altar of Ashenzari.
  4145 | D:5      | Entered Level 5 of the Dungeon
  4464 | D:5      | Reached skill level 6 in Axes
  4471 | D:5      | Found a sacrificial altar of Ru.
  4525 | D:5      | Found a runed translucent door.
  4545 | D:5      | Reached XP level 7. HP: 48/55 MP: 7/7
  4808 | D:5      | Found a hazy altar of Hepliaklqana.
  4929 | D:5      | Noticed Pikel
  4933 | D:5      | Noticed Ijyb
  4944 | D:5      | Killed Pikel
  4945 | D:5      | Reached skill level 5 in Fighting
  4945 | D:5      | Reached skill level 7 in Axes
  4945 | D:5      | Reached XP level 8. HP: 42/63 MP: 8/8
  4958 | D:5      | Killed Ijyb
  5276 | D:5      | Found a runed translucent door.
  5279 | D:5      | Noticed GordonOverkill's ghost (amateur DEAM)
  5302 | D:5      | Killed GordonOverkill's ghost
  5303 | D:5      | Reached skill level 8 in Axes
  5398 | D:5      | Found an opulent altar of Gozag.
  5868 | D:6      | Identified the +9 bardiche "Weneoscho" {holy, rElec}
  6017 | D:6      | Found a sand-covered staircase.
  6033 | D:6      | Reached skill level 9 in Axes
  6041 | Ossuary  | Entered an ossuary
  6263 | Ossuary  | Reached XP level 9. HP: 17/72 MP: 9/9
  6666 | D:6      | Found a shimmering blue altar of Sif Muna.
  7516 | D:6      | Reached skill level 10 in Axes
  7717 | D:7      | Found a stormy altar of Qazlal.
  7873 | D:7      | Found a staircase to the Ecumenical Temple.
  7880 | Temple   | Entered the Ecumenical Temple
  7905 | Temple   | Became a worshipper of Warmaster Okawaru
  8691 | D:7      | Reached * piety under Okawaru
  9062 | D:7      | Found an ornate altar of the Wu Jian Council.
  9063 | D:7      | Noticed Duvessa
  9064 | D:7      | Noticed Dowan
  9072 | D:7      | Killed Duvessa
  9075 | D:7      | Killed Dowan
  9405 | D:7      | Reached skill level 11 in Axes
  9737 | D:7      | Gained mutation: You are completely covered in molten
                  | scales. (AC +4, rF+) [demonic ancestry]
  9737 | D:7      | Reached XP level 10. HP: 17/82 MP: 10/10
 10523 | D:8      | Reached ** piety under Okawaru
 11627 | D:9      | Noticed a centaur warrior
 11643 | D:9      | Killed a centaur warrior
 11643 | D:9      | Reached *** piety under Okawaru
 11772 | D:9      | Noticed a centaur warrior
 11794 | D:9      | Killed a centaur warrior
 11795 | D:9      | Reached skill level 12 in Axes
 12084 | D:9      | Noticed a skeletal warrior
 12084 | D:9      | Noticed a catoblepas
 12084 | D:9      | Noticed a centaur warrior
 12116 | D:9      | Paralysed by a hornet for 1 turns
 12139 | D:9      | Paralysed by a hornet for 3 turns
 12139 | D:9      | HP: 4/83 [hornet (10)]
 12140 | D:9      | Slain by a hornet

Illustrated notes

Levels and vault maps discovered:
D:1:      eino_arrival_water_cross, layout_basic,
          chequers_ecumenical_altar_island
D:2:      layout_loops_cross, basic_altar, glass_columns_b
D:3:      layout_basic
D:4:      layout_layer_cave, mainiacjoe_overflow_catch_the_wave,
          small_statue_intersection, uniq_sigmund
D:5:      layout_basic, nicolae_hepliaklqana_monster_ancestors,
          mainiacjoe_overflow_alcove_2, nicolae_ru_the_path_less_chosen,
          ebering_ghost_sewer_f, uniq_pikel, uniq_ijyb
D:6:      layout_rooms, mainiacjoe_overflow_cross_hatched,
          nicolae_ossuary_entry_catacombs
D:7:      layout_basic, nzn_wu_jian_contemplation,
          nicolae_qazlal_general_emergency, minmay_temple_entry_hall,
          uniq_duvessa
D:8:      layout_loops_ring, minivault_1
D:9:      minmay_the_grid_octo_2x2 [minmay_the_grid_octo_focus,
          minmay_the_grid_octo_fat_diamond, minmay_the_grid_octo_77,
          minmay_the_grid_octo_prize_square_snowflake], layout_stronghold,
          lemuel_mausoleum_altar_yredelemnul, chequers_serial_rivers_micro_d
Temple:   dshaligram_water_room_temple

Skill      XL: |  1  2  3  4  5  6  7  8  9 10 |
---------------+-------------------------------+-----
Axes           | 3 4 5 6 7 9 11 12 | 12.3
Fighting       | 3 4 5 7 8 9 |  9.6
Throwing       | |  1.7
Dodging        | |  2.6

Action                   |  1- 3 |  4- 6 |  7- 9 | 10-12 || total
-------------------------+-------+-------+-------+-------++-------
Melee: War axe           |    88 |   102 |       |       ||   190
       Whip              |       |    47 |   586 |   180 ||   813
       Punch             |       |     2 |    11 |     5 ||    18
Throw: Throwing net      |     3 |     3 |     1 |     2 ||     9
       Javelin           |       |       |     1 |       ||     1
  Use: Potion            |     2 |     1 |     3 |     3 ||     9
       Scroll            |       |     4 |     4 |       ||     8
 Stab: Sleeping          |     3 |     2 |     4 |       ||     9
       Invisible         |       |       |     2 |       ||     2
       Held in net/web   |       |       |       |     2 ||     2
Armor: Leather armour    |    48 |    59 |   138 |       ||   245
       Ring mail         |       |       |    52 |    56 ||   108
       Scale mail        |       |       |       |    73 ||    73
Dodge: Dodged            |    53 |    98 |   251 |   112 ||   514
       Repelled          |       |       |     3 |     1 ||     4

Table legend: (Time is in decaauts)
 A = Elapsed time spent in this place.
 B = Non-inter-level travel time spent in this place.
 C = Inter-level travel time spent in this place.
 D = Time resting spent in this place.
 E = Time spent auto-exploring this place.
 F = Levels seen in this place.
 G = Mean time per level.
                   A        B        C        D        E       F      G
               +--------+--------+--------+--------+--------+-----+--------+
         Total |  12040 |  11818 |    222 |   2321 |   7439 |  11 | 1094.5 |
       Dungeon |  11472 |  11264 |    208 |   2031 |   7400 |   9 | 1274.7 |
        Temple |     40 |     26 |     14 |      0 |      0 |   1 |   40.0 |
       Ossuary |    527 |    527 |      0 |    290 |     39 |   1 |  527.0 |
               +--------+--------+--------+--------+--------+-----+--------+

Top non-repeatable levels by time:
     D:7: 2169 daAuts
     D:6: 1558 daAuts
     D:5: 1541 daAuts
     D:4: 1432 daAuts
     D:8: 1395 daAuts
     D:3: 1383 daAuts
     D:1: 689 daAuts
     D:2: 682 daAuts
     D:9: 619 daAuts
 Ossuary: 527 daAuts
  Temple: 40 daAuts
